 Dungeon Crawl Stone Soup version 0.30-a0-953-g5f1da4a474 (webtiles) character file.

Game seed: 8746094986683125274

60 jasper the Shooter (level 4, 0/26 HPs)
             Began as a Gargoyle Hunter on Mar 28, 2023.
             Slain by a kobold
             ... wielding a +0 short sword
              (3 damage)
             ... on level 2 of the Dungeon.
             The game lasted 00:01:33 (829 turns).

jasper the Shooter (Gargoyle Hunter)                 Turns: 829, Time: 00:01:33

Health: 0/26       AC: 11    Str: 16    XL:     4   Next: 4%
Magic:  4/4        EV:  9    Int: 10    God:
Gold:   145        SH:  0    Dex: 13    Spells: 3/3 levels left

rFire   . . .      SeeInvis .    a - +0 shortbow
rCold   . . .      Faith    .    (shield currently unavailable)
rNeg    + . .      Spirit   .    f - +0 scale mail
rPois   ∞          Reflect  .    (no helmet)
rElec   +          Rampage  .    (no cloak)
rCorr   .                        h - +1 pair of gloves
Will    .....                    (no boots) Stlth
                                 (no amulet)
HPRegen 0.24/turn                (no ring)
MPRegen 0.09/turn                (no ring)

@: mighty, brilliant
A: sickness immunity, AC +3, negative energy resistance 1, electricity
resistance, torment resistance 1, petrification resistance
a: no special abilities


You were on level 2 of the Dungeon.
You visited 1 branch of the dungeon, and saw 2 of its levels.

You collected 145 gold pieces.

Inventory:

Hand Weapons
 a - a +0 shortbow (weapon)
Armour
 c - a +0 leather armour
 f - a +0 scale mail (worn)
 g - a +0 plate armour
 h - a +1 pair of gloves (worn)
Scrolls
 b - 2 scrolls of immolation


   Skills:
 - Level 2.1 Fighting
 + Level 5.5 Ranged Weapons
 - Level 1.5 Dodging
 - Level 1.1 Stealth


You had 3 spell levels left.
You didn't know any spells.
Your spell library contained the following spells:

 Spells                   Type           Power      Damage    Failure   Level
 Sandblast                Erth           0%         2d4       82%         1
 Passwall                 Tmut/Erth      0%         N/A       91%         2
 Stone Arrow              Conj/Erth      0%         3d7       99%         3
 Vhi's Electric Charge    Tloc/Air       0%         N/A       99%         3
 Arcjolt                  Conj/Air       0%         1d10      100%        5
 Maxwell's Capacitive Co  Air            0%         ∞         100%        8


Dungeon Overview and Level Annotations

Branches:
Dungeon (2/15)

Altars:


Innate Abilities, Weirdness & Mutations

You are immune to sickness and miasma.
Your stone body is resilient. (AC +3)
You are immune to poison.
You resist negative energy. (rN+)
You are resistant to electric shocks. (rElec)
You are resistant to unholy torment.
You are immune to petrification.


Message History

You feel very mighty all of a sudden.
The kobold hits you with a +0 short sword.
* * * LOW HITPOINT WARNING * * *
Jessica casts a spell.
Jessica blinks!
You take 3 damage, and have 1/21 hp.
It was a potion of brilliance.
You feel clever all of a sudden. The kobold hits you but does no damage.
Fire: a) +0 shortbow
Press: ? - help, Q - select action Shift-Dir - straight line, f - kobold
Aim: a kobold, wielding a +0 short sword (53% to hit)
You shoot an arrow. The arrow closely misses the kobold.
The kobold barely misses you. The kobold hits you but does no damage.
Fire: a) +0 shortbow
Press: ? - help, Q - select action Shift-Dir - straight line, f/p - kobold
Aim: a kobold, wielding a +0 short sword (53% to hit)
You shoot an arrow. The arrow barely misses the kobold.
The kobold hits you but does no damage.
Fire: a) +0 shortbow
Press: ? - help, Q - select action Shift-Dir - straight line, f/p - kobold
Aim: a kobold, wielding a +0 short sword (53% to hit)
You shoot an arrow. The arrow misses the kobold.
The arrow barely misses Jessica.
The kobold hits you but does no damage. x2
Fire: a) +0 shortbow
Press: ? - help, Q - select action Shift-Dir - straight line, f/p - kobold
Aim: a kobold, wielding a +0 short sword (53% to hit)
You shoot an arrow. The arrow barely misses the kobold.
The arrow hits Jessica.
You kill Jessica!
The kobold hits you but does no damage.
You have reached level 4!
You feel clever.
MP restored: 4 Fire: a) +0 shortbow
Press: ? - help, Q - select action Shift-Dir - straight line, f/p - kobold
Aim: a kobold, wielding a +0 short sword (53% to hit)
You shoot an arrow. The arrow closely misses the kobold.
The kobold hits you with a +0 short sword.
You die...

#.........
#........#
#........##
###...[.....
..........#
..........#
.......)#
......#K#
###.# #@# !.
#.# . #.#
#.# #.. ...
... ....


You could see a kobold.

Vanquished Creatures
  Jessica (D:2)
  2 dart slugs (D:1)
  4 endoplasms (D:1)
  2 giant cockroaches (D:1)
  9 goblins (D:1)
  A hobgoblin (D:1)
  3 kobolds (D:1)
  2 ball pythons (D:1)
  A bat (D:1)
  2 rats (D:1)
27 creatures vanquished.

Vanquished Creatures (others)
  A fungus (D:1)
  4 toadstools (D:1)
5 creatures vanquished.

Grand Total: 32 creatures vanquished

Notes
Turn   | Place    | Note
-------+----------+-------------------------------------------
     0 | D:1      | jasper the Gargoyle Hunter began the quest for the Orb.
     0 | D:1      | Reached XP level 1. HP: 12/12 MP: 1/1
   147 | D:1      | Reached XP level 2. HP: 17/17 MP: 2/2
   347 | D:1      | Reached XP level 3. HP: 20/21 MP: 3/3
   366 | D:1      | Reached skill level 5 in Ranged Weapons
   380 | D:1      | Found a faded altar of an unknown god.
   811 | D:2      | Noticed Jessica
   823 | D:2      | HP: 1/21 [kobold/+0 short sword (4)]
   828 | D:2      | Killed Jessica
   829 | D:2      | Reached XP level 4. HP: 3/26 MP: 4/4
   829 | D:2      | Slain by a kobold

Illustrated notes

Levels and vault maps discovered:
D:1:      dpeg_arrival_prison, layout_basic, ebering_ecumenical_altar_hall,
          minmay_gold_behind_fungi
D:2:      layout_basic, serial_shops, nicolae_shop_crystal,
          chequers_serial_rivers_room_b, uniq_jessica, uniq_robin, uniq_sigmund

Skill      XL: |  1  2  3 |
---------------+----------+-----
Ranged Weapons | 5 |  5.5
Fighting       | |  2.1
Dodging        | |  1.5
Stealth        | |  1.1

Action                     |  1- 3 |  4- 6 || total
---------------------------+-------+-------++-------
   Fire: Shortbow          |    77 |     1 ||    78
    Use: Scroll            |     2 |       ||     2
         Potion            |     2 |       ||     2
 Armour: Scale mail        |    23 |       ||    23
         Leather armour    |     1 |       ||     1
  Dodge: Dodged            |    21 |       ||    21

Table legend: (Time is in decaauts)
 A = Elapsed time spent in this place.
 B = Non-inter-level travel time spent in this place.
 C = Inter-level travel time spent in this place.
 D = Time resting spent in this place.
 E = Time spent auto-exploring this place.
 F = Levels seen in this place.
 G = Mean time per level.
                   A        B        C        D        E       F      G
               +--------+--------+--------+--------+--------+-----+--------+
         Total |    863 |    823 |     40 |     15 |    591 |   2 |  431.5 |
       Dungeon |    863 |    823 |     40 |     15 |    591 |   2 |  431.5 |
               +--------+--------+--------+--------+--------+-----+--------+

Top non-repeatable levels by time:
     D:1: 838 daAuts
     D:2: 24 daAuts
